 Dungeon Crawl Stone Soup version 0.17.0-22-g5edae84 (webtiles) character file.

181 Ordine the Magician (level 5, -1/28 HPs)
             Began as a Deep Elf Wizard on Nov 13, 2015.
             Slain by an orc (2 damage)
             ... on level 4 of the Dungeon.
             The game lasted 00:13:48 (4400 turns).

Ordine the Magician (Deep Elf Wizard)               Turns: 4400, Time: 00:13:48

Health: -1/28      AC:  3    Str:  4    XL:     5   Next: 34%
Magic:  11/15      EV: 14    Int: 26    God:
Gold:   88         SH:  0    Dex: 13    Spells: 5 memorised, 4 levels left

rFire  . . .     SeeInvis .     f - +0 dagger
rCold  . . .     Clarity  .     a - +0 robe
rNeg   . . .     SustAt   .     (no shield)
rPois  .         Gourm    .     b - +1 hat
rElec  .         Spirit   .     (no cloak)
rCorr  .         Warding  .     (no gloves)
rMut   .         Stasis   .     (no boots)
MR     .....                    (no amulet)
Stlth  ++........               h - +2 ring of intelligence
                                n - +2 ring of evasion

@: very slightly contaminated, slowed, repel missiles, very slow, not resistant
to hostile enchantments, unstealthy
A: no striking features
a: no special abilities


You were on level 4 of the Dungeon.
You were not hungry.

You visited 1 branch of the dungeon, and saw 4 of its levels.

You collected 143 gold pieces.
You spent 55 gold pieces at shops.

Inventory:

Hand Weapons
 f - a +0 dagger (weapon)
Armour
 a - a +0 robe (worn)
 b - a +1 hat (worn)
Jewellery
 h - a +2 ring of intelligence (right hand)
 n - a +2 ring of evasion (left hand)
Scrolls
 g - 2 scrolls of blinking
 i - 4 scrolls of remove curse
 j - 2 scrolls of teleportation
 m - 2 scrolls of fog
 p - a scroll of amnesia
 v - a scroll of recharging
Potions
 e - a potion of heal wounds
 k - 2 potions of curing {unknown}
 o - a potion of resistance
 r - a potion of lignification {unknown}
 t - a potion of cure mutation {unknown}
 u - a potion of cancellation {unknown}
Books
 c - a book of Minor Magic

   Spells                             Type                      Level
   a - Magic Dart                     Conjuration                  1
   b - Blink                          Translocation                2
   c - Call Imp                       Summoning                    2
   d - Repel Missiles                 Charms/Air                   2
   e - Slow                           Hexes                        2
   f - Conjure Flame                  Conjuration/Fire             3
   g - Mephitic Cloud                 Conjuration/Poison/Air       3
Comestibles
 d - 4 bread rations
 l - 4 fruits
 q - a meat ration
 s - 3 chunks of flesh


   Skills:
 - Level 2.4 Dodging
 - Level 2.4 Stealth
 * Level 5.6 Spellcasting
 + Level 4.1 Conjurations
 + Level 1.5 Charms
   Level 1.1 Summonings
 + Level 1.5 Translocations
 + Level 1.3 Fire Magic
 + Level 0.4 Air Magic


You had 4 spell levels left.
You knew the following spells:

 Your Spells              Type           Power        Failure   Level  Hunger
a - Magic Dart            Conj           ####         1%          1    None
b - Blink                 Tloc           N/A          6%          2    None
c - Conjure Flame         Conj/Fire      ###.....     10%         3    #......
d - Mephitic Cloud        Conj/Pois/Air  ###.....     14%         3    #......
e - Repel Missiles        Chrm/Air       ##....       10%         2    None


Dungeon Overview and Level Annotations

Branches:
Dungeon (4/15)
 Temple: D:4-7

Altars:
Nemelex Xobeh

Shops:
D:4 *


Message History

Press: ? - help, Shift-Dir - straight line, f - orc, p - orc wizard
Aim: an orc, wielding a mace and wearing a leather armour You miscast Magic Dart.
You are very lightly contaminated with residual magic.
Nothing appears to happen.
The orc barely misses you. The orc closely misses you.
The orc wizard closely misses you. The orc barely misses you.
The orc priest looks braver for a moment.
The orc hits you with a mace!
The orc wizard hits you but does no damage.
The orc wizard casts a spell at you. You resist with some effort.
The orc misses you. The orc misses you. The orc priest completely misses you.
The orc hits you but does no damage. The orc hits you with a mace.
The orc priest hits you from afar with a trident!
The orc wizard gestures at you while chanting.
The magic dart hits you!
* * * LOW HITPOINT WARNING * * *
The orc hits you.
You die...

.................................
......................<..........
................................#
.......................)...#...##
............................#....
.................................
.........................##......
.......................####...#.
..............o@......## #...#.
..............oo......# ##..#.
..!............o.....## #....
....................########...#
.............................###
..................#.........##
..........<......##.#######.
...............###...# #.
..............###.....# ## ##


You could see an orc priest, an orc wizard and 2 orcs.

Vanquished Creatures
  A centaur skeleton (D:4)
  A hound (D:4)
  A worker ant (D:4)
  2 adders
  An ooze (D:2)
  2 worms (D:3)
  2 giant geckos
  7 orcs
  A ball python (D:2)
  6 bats
  3 giant cockroaches
  8 goblins
  5 hobgoblins
  6 kobolds
  2 quokkas (D:2)
  A giant newt (D:2)
  4 jackals
  15 rats
68 creatures vanquished.

Notes
Turn   | Place    | Note
--------------------------------------------------------------
     0 | D:1      | Ordine the Deep Elf Wizard began the quest for the Orb.
     0 | D:1      | Reached XP level 1. HP: 10/10 MP: 7/7
   248 | D:1      | Reached XP level 2. HP: 15/15 MP: 4/9
   282 | D:1      | Learned a level 2 spell: Blink
   833 | D:2      | Reached XP level 3. HP: 19/19 MP: 2/11
   940 | D:2      | Reached skill level 5 in Spellcasting
  1163 | D:2      | Learned a level 3 spell: Conjure Flame
  1167 | D:2      | Learned a level 3 spell: Mephitic Cloud
  1170 | D:2      | Learned a level 2 spell: Repel Missiles
  1301 | D:2      | Found a sparkling altar of Nemelex Xobeh.
  1678 | D:2      | Found a sparkling altar of Nemelex Xobeh.
  2446 | D:3      | Reached XP level 4. HP: 24/24 MP: 11/13
  3626 | D:4      | Reached skill level 1 in Charms
  3626 | D:4      | Reached skill level 1 in Fire Magic
  3626 | D:4      | Reached XP level 5. HP: 14/28 MP: 5/15
  3925 | D:4      | Found Vesma's Assorted Antiques.
  3933 | D:4      | Bought a scroll labeled KITOESHR LAGAKLI for 29 gold pieces
  3933 | D:4      | Bought a bubbling white potion for 26 gold pieces
  4400 | D:4      | HP: 1/28 [orc wizard/magic dart (8)]
  4400 | D:4      | Slain by an orc

Action                   |  1- 3 |  4- 6 || total
-------------------------+-------+-------++-------
 Cast: Magic Dart        |   109 |    76 ||   185
       Repel Missiles    |     2 |       ||     2
  Use: Scroll            |    13 |     1 ||    14
       Potion            |       |     1 ||     1
  Eat: Chunk             |     4 |     4 ||     8
       Fruit             |       |     1 ||     1
       Beef jerky        |       |     1 ||     1
